 Dungeon Crawl Stone Soup version 0.22-a0-469-gf26638a (webtiles) character file.

25 galech the Skirmisher (level 3, 0/40 HPs)
             Began as an Ogre Berserker on June 11, 2018.
             Was a Follower of Trog.
             Slain by a hobgoblin (2 damage)
             ... on level 2 of the Dungeon.
             The game lasted 00:01:57 (803 turns).

galech the Skirmisher (Ogre Berserker)               Turns: 803, Time: 00:01:58

Health: 0/40       AC:  3    Str: 22    XL:     3   Next: 4%
Magic:  3/3        EV: 10    Int:  8    God:    Trog [*.....]
Gold:   40         SH:  0    Dex:  8    Spells: 2/2 levels left

rFire    + . .     SeeInvis .   a - +0 mace
rCold    + . .     Gourm    .   (no shield)
rNeg     . . .     Faith    .   b - +0 animal skin
rPois    .         Spirit   .   (helmet restricted)
rElec    .         Reflect  .   d - scarf {rC+ rF+}
rCorr    .         Harm     .   (gloves unavailable)
MR       .....                  (boots unavailable)
Stlth    +.........             (no amulet)
HPRegen  0.13/turn              (no ring)
MPRegen  0.08/turn              (no ring)

@: no status effects
A: large, unfitting armour, tough skin 1
a: Berserk, Renounce Religion


You were on level 2 of the Dungeon.
You worshipped Trog.
Trog was aware of your devotion.
You were not hungry.

You visited 1 branch of the dungeon, and saw 2 of its levels.

You collected 40 gold pieces.

Inventory:

Hand Weapons
 a - a +0 mace (weapon)
Armour
 b - a +0 animal skin (worn)
 d - a scarf of resistance (worn)
Scrolls
 e - a scroll of random uselessness {unknown}
 g - a scroll of enchant weapon {unknown}
 k - a scroll of identify {unknown}
Potions
 h - a potion of haste {unknown}
 i - a potion of brilliance {unknown}
 j - a potion of heal wounds {unknown}
Comestibles
 c - 4 rations
 f - a chunk of flesh


   Skills:
 + Level 4.4 Fighting
 + Level 3.1 Maces & Flails
 + Level 3.0 Dodging


You had 2 spell levels left.
You didn't know any spells.
Your spell library was empty.

Dungeon Overview and Level Annotations

Branches:
Dungeon (2/15)

Altars:
Uskayaw


Innate Abilities, Weirdness & Mutations

You are too large for most types of armour.
You have tough skin. (AC +1)


Message History

You hit the hobgoblin.
The hobgoblin is moderately wounded.
The hobgoblin hits you but does no damage.
You closely miss the hobgoblin.
The hobgoblin is moderately wounded.
The hobgoblin closely misses you.
You hit the hobgoblin but do no damage.
The hobgoblin is lightly wounded.
The hobgoblin misses you. The hobgoblin hits you.
* * * LOW HITPOINT WARNING * * *
You barely miss the hobgoblin.
The hobgoblin is lightly wounded.
The hobgoblin barely misses you.
You closely miss the hobgoblin.
The hobgoblin is lightly wounded.
The hobgoblin closely misses you.
You barely miss the hobgoblin.
The hobgoblin is lightly wounded.
The hobgoblin hits you.
You die...

.#..#...#.##......#.#
......_...÷...<.....#
##.#...#..#........#
#.##.##..#........# #
#........#........#
#..
####.....#######...
....#####.##### ...
#..........# ..
#....†@....# .
#....†g....#
#..........#
#........###
#........# #........#
#........# #.....!..#


You could see a hobgoblin.

Vanquished Creatures
  A dart slug (D:1)
  2 giant cockroaches (D:1)
  2 goblins
  3 hobgoblins (D:1)
  2 jackals (D:2)
  2 kobolds (D:1)
  2 bats (D:1)
  3 frilled lizards (D:1)
  5 rats
22 creatures vanquished.

Notes
Turn   | Place    | Note
-------+----------+-------------------------------------------
     0 | D:1      | galech the Ogre Berserker began the quest for the Orb.
     0 | D:1      | Reached XP level 1. HP: 24/24 MP: 1/1
   371 | D:1      | Reached XP level 2. HP: 26/32 MP: 2/2
   762 | D:2      | Found a hide-covered altar of Uskayaw.
   789 | D:2      | Reached XP level 3. HP: 24/40 MP: 3/3
   800 | D:2      | HP: 1/40 [hobgoblin (3)]
   803 | D:2      | Slain by a hobgoblin

Vault maps used:
D:1:      ncdulo_smallfort
D:2:      grunt_temple_overflow_holy_war, nicolae_overflow_crystal_walls,
          lemuel_zombie_altar_kikubaaqudgha,
          chequers_temple_overflow_minitemple, uniq_natasha, uniq_jessica

Skill      XL: |  1  2 |
---------------+-------+-----
Maces & Flails | 3 |  3.1
Dodging        | 3 |  3.0
Fighting       | |  4.4

Action                   || total
-------------------------++-------
Melee: Mace              ||    69
Armor: Animal skin       ||    26
Dodge: Dodged            ||    63

Table legend:
 A = Spawn XP
 B = Non-spawn XP
 C = Spawn XP percentage of total XP
 D = Spawn monster count
 E = Non-spawn monster count
 F = Spawn count percentage of total count
 G = Total turns spent on level
                    A         B        C        D         E        F      G
               +---------+---------+-------+---------+---------+-------+---------
         Total |       0 |      36 |   0.0 |       0 |      22 |   0.0 |   803
               +---------+---------+-------+---------+---------+-------+---------
           D:1 |       0 |      29 |   0.0 |       0 |      18 |   0.0 |   761
           D:2 |       0 |       7 |   0.0 |       0 |       4 |   0.0 |    42
               +---------+---------+-------+---------+---------+-------+---------
